 Dungeon Crawl Stone Soup version 0.30-a0-322-g102857c98e (webtiles) character file.

Game seed: 17488249806380302319

1134 McGhostyFace the Slasher (level 8, -1/64 HPs)
             Began as a Gnoll Wanderer on Oct 28, 2022.
             Slain by a gnoll sergeant
             ... wielding a +4 vampiric spear
              (18 damage)
             ... on level 5 of the Dungeon.
             The game lasted 00:13:54 (5516 turns).

McGhostyFace the Slasher (Gnoll Wanderer)           Turns: 5516, Time: 00:13:55

Health: -1/64      AC:  4    Str: 10    XL:     8   Next: 36%
Magic:  23/23      EV: 13    Int: 13    God:
Gold:   219        SH:  0    Dex: 18    Spells: 11/15 levels left

rFire   . . .      SeeInvis .    a - +3 falchion
rCold   + . .      Faith    .    (no shield)
rNeg    . . .      Spirit   .    c - +0 robe
rPois   .          Reflect  .    b - +0 helmet
rElec   .          Harm     .    n - +0 cloak
rCorr   +          Rampage  .    (no gloves)
Will    .....                    (no boots)
Stlth   +++.......               (no amulet)
HPRegen 0.30/turn                p - ring "Kiraggeq" {rCorr MP+9 Dex+4}
MPRegen 0.18/turn                g - ring of protection from cold

@: no status effects
A: fangs 1, strong nose, distributed training
a: no special abilities


You were on level 5 of the Dungeon.
You visited 1 branch of the dungeon, and saw 5 of its levels.
You also visited: Ossuary.

You collected 219 gold pieces.

Inventory:

Hand Weapons
 a - a +3 falchion (weapon)
 k - a +0 great sword
Armour
 b - a +0 helmet (worn)
 c - a +0 robe (worn)
 n - a +0 cloak (worn)
 s - the +1 hat of Follow the Leader {rF- Str+8}
   (You found it on level 4 of the Dungeon)

   Str:       It affects your strength (+8).
   rF:        It makes you vulnerable to fire.
Jewellery
 f - a ring of ice
 g - a ring of protection from cold (right hand)
 p - the ring "Kiraggeq" (left hand) {rCorr MP+9 Dex+4}
   (You found it on level 3 of the Dungeon)

   [ring of magical power]

   Dex:       It affects your dexterity (+4).
   MP:        It affects your magic capacity (+9).
   rCorr:     It protects you from acid and corrosion.
 q - a ring of fire
Wands
 o - a wand of iceblast (6)
 y - a wand of light (10)
Scrolls
 d - a scroll of magic mapping {unknown}
 h - 3 scrolls of vulnerability
 j - 5 scrolls of teleportation
 l - 2 scrolls of fog
 x - a scroll of fear {unknown}
 A - 3 scrolls of enchant armour {unknown}
Potions
 e - 2 potions of lignification {unknown}
 i - a potion of might
 m - a potion of magic {unknown}
 r - 3 potions of heal wounds
 t - a potion of mutation {unknown}
 u - a potion of brilliance {unknown}
 v - a potion of curing
 w - a potion of resistance {unknown}
 z - 2 potions of flight {unknown}


   Skills:
 + Level 5.7 Fighting
 + Level 3.3 Short Blades
 + Level 7.4 Long Blades
 + Level 3.3 Axes
 + Level 3.3 Maces & Flails
 + Level 3.3 Polearms
 + Level 3.3 Staves
 + Level 3.3 Ranged Weapons
 + Level 3.3 Throwing
 + Level 3.3 Armour
 + Level 3.3 Dodging
 + Level 3.3 Stealth
 + Level 3.3 Shields
 + Level 3.3 Unarmed Combat
 + Level 4.4 Spellcasting
 + Level 2.7 Conjurations
 + Level 2.7 Hexes
 + Level 2.7 Summonings
 + Level 4.7 Necromancy
 + Level 2.7 Translocations
 + Level 2.7 Transmutations
 + Level 2.7 Fire Magic
 + Level 2.7 Ice Magic
 + Level 2.7 Air Magic
 + Level 2.7 Earth Magic
 + Level 2.7 Poison Magic
 + Level 4.5 Invocations
 + Level 4.2 Evocations


You had 11 spell levels left.
You knew the following spells:

 Your Spells              Type           Power      Damage    Failure   Level
a - Necrotise             Necr           60%        1d7       2%          1
b - Vampiric Draining     Necr           15%        2d7       9%          3

Your spell library contained the following spells:

 Spells                   Type           Power      Damage    Failure   Level
 Sublimation of Blood     Necr           15%        N/A       4%          2
 Petrify                  Tmut/Erth      9%         N/A       54%         4
 Freezing Cloud           Conj/Ice/Air   4%         6-21      87%         5
 Irradiate                Conj/Tmut      4%         3d13      87%         5
 Summon Forest            Summ/Tloc      4%         N/A       87%         5
 Orb of Destruction       Conj           4%         9d5       100%        7


Dungeon Overview and Level Annotations

Branches:
Dungeon (5/15)            Ossuary (visited)
 Temple: D:4-7

Altars:
Makhleb
Uskayaw
Vehumet

Shops:
D:5 ?


Innate Abilities, Weirdness & Mutations

You have very sharp teeth.
Your uncanny sense of smell can sniff out nearby items.
Your experience applies equally to all skills.


Message History

You barely miss the gnoll. Your bite misses the gnoll.
The gnoll is almost dead.
The gnoll hits you with a +0 club. The gnoll closely misses you.
You closely miss the gnoll.
The gnoll is almost dead.
The gnoll closely misses you.
The gnoll hits you from afar with a +0 spear.
You hit the gnoll.
You kill the gnoll!
The gnoll misses you.
You slash the gnoll!
You kill the gnoll!
The gnoll misses you. The gnoll hits you with a +0 spear.
Items here: )) ††.
The gnoll barely misses you.
You hit the gnoll. You bite the gnoll.
The gnoll is heavily wounded.
The gnoll hits you with a +0 spear.
The gnoll sergeant completely misses you.
You hit the gnoll.
The gnoll is severely wounded.
The gnoll closely misses you.
You hit the gnoll but do no damage.
The gnoll is severely wounded.
The gnoll sergeant is no longer blind.
The gnoll sergeant completely misses you.
The gnoll hits you with a +0 spear. The gnoll sergeant barely misses you.
You barely miss the gnoll sergeant.
The gnoll sergeant is moderately wounded.
The gnoll hits you with a +0 spear. The gnoll sergeant misses you.
You hit the gnoll sergeant.
The gnoll sergeant is heavily wounded.
The gnoll hits you with a +0 spear. The gnoll sergeant misses you.
The gnoll hits you with a +0 spear.
The gnoll sergeant hits you from afar with a +4 vampiric spear!
The gnoll hits you from afar with a +0 spear.
* * * LOW HITPOINT WARNING * * *
The gnoll sergeant hits you from afar with a +4 vampiric spear!!
You die...

.#........##.#..#.....
#.####....#.#..#..... #
#....+.........
#....#......... #
#.#####.......).####.#
.....................
.......g.##.#......#
.#.########.....#......#
..........@.g##.#......#∆
##.########..#.........#
...........#....# ...
.......†..#....... .
....#...##...#.#....#
####### ∆
#...#...##...#.#.....
#.....#∆
#...#...##...........
#)....#
#...#...÷............
#)#.#.#
.##...#.####...###.##..


You could see a gnoll sergeant and a gnoll.

Vanquished Creatures
  Grinder (D:3)
  Menkaure (D:4)
  A water moccasin (D:5)
  A black bear (D:5)
  A necrophage (D:5)
  3 water moccasin zombies (Ossuary)
  A hound (D:4)
  2 orc priests
  2 jellies
  An orc wizard (D:5)
  2 mummies (Ossuary)
  Robin (D:4)
  2 gnolls (D:5)
  4 adders
  7 adder zombies (Ossuary)
  5 worms
  4 dart slugs
  10 orcs
  5 ball pythons
  4 bats
  6 endoplasms
  3 giant cockroaches
  4 gnoll zombies (Ossuary)
  14 goblins
  6 hobgoblins
  7 jackals
  4 quokkas
  3 frilled lizards
  A goblin zombie (D:5)
  4 hobgoblin zombies (Ossuary)
  4 kobolds
  2 kobold zombies (Ossuary)
  5 orc zombies (Ossuary)
  6 rats
  A rat zombie (D:5)
128 creatures vanquished.

Notes
Turn   | Place    | Note
-------+----------+-------------------------------------------
     0 | D:1      | McGhostyFace the Gnoll Wanderer began the quest for the
                  | Orb.
     0 | D:1      | McGhostyFace set off with the following items: a +3
                  | falchion, a scroll of summoning, a +0 robe; and the
                  | following spell memorised: Necrotise; and the following
                  | spells available to memorise: Vampiric Draining.
     0 | D:1      | Reached XP level 1. HP: 20/20 MP: 4/4
   326 | D:1      | Reached XP level 2. HP: 26/26 MP: 5/5
   441 | D:2      | Found a radiant altar of Vehumet.
   556 | D:2      | Reached XP level 3. HP: 31/31 MP: 7/7
   819 | D:2      | Reached skill level 1 in Short Blades
   819 | D:2      | Reached skill level 1 in Axes
   819 | D:2      | Reached skill level 1 in Maces & Flails
   819 | D:2      | Reached skill level 1 in Polearms
   819 | D:2      | Reached skill level 1 in Staves
   819 | D:2      | Reached skill level 1 in Ranged Weapons
   819 | D:2      | Reached skill level 1 in Throwing
   819 | D:2      | Reached skill level 1 in Armour
   819 | D:2      | Reached skill level 1 in Dodging
   819 | D:2      | Reached skill level 1 in Stealth
   819 | D:2      | Reached skill level 1 in Shields
   819 | D:2      | Reached skill level 1 in Unarmed Combat
  1228 | D:3      | Reached XP level 4. HP: 36/38 MP: 8/8
  1352 | D:3      | Reached skill level 1 in Conjurations
  1352 | D:3      | Reached skill level 1 in Hexes
  1352 | D:3      | Reached skill level 1 in Summonings
  1352 | D:3      | Reached skill level 1 in Translocations
  1352 | D:3      | Reached skill level 1 in Transmutations
  1352 | D:3      | Reached skill level 1 in Fire Magic
  1352 | D:3      | Reached skill level 1 in Ice Magic
  1352 | D:3      | Reached skill level 1 in Air Magic
  1352 | D:3      | Reached skill level 1 in Earth Magic
  1352 | D:3      | Reached skill level 1 in Poison Magic
  1805 | D:3      | Reached XP level 5. HP: 43/43 MP: 9/9
  1894 | D:3      | Noticed Grinder
  1909 | D:3      | Found a burning altar of Makhleb.
  2194 | D:3      | Got the Tome of Hurtful Elsewhere
  2199 | D:3      | Learned a level 3 spell: Vampiric Draining
  2206 | D:3      | Found a radiant altar of Vehumet.
  2207 | D:3      | Identified the ring "Kiraggeq" {rCorr MP+9 Dex+4}
  2408 | D:3      | Paralysed by Grinder for 4 turns
  2420 | D:3      | Killed Grinder
  2421 | D:3      | Reached skill level 5 in Fighting
  2421 | D:3      | Reached XP level 6. HP: 47/51 MP: 11/11
  2563 | D:4      | Identified the +1 hat of Follow the Leader {rF- Str+8}
  2572 | D:4      | Found a hide-covered altar of Uskayaw.
  2686 | D:4      | Noticed Robin
  2697 | D:4      | Killed Robin
  2943 | D:4      | Noticed Menkaure
  3099 | D:3      | Reached skill level 7 in Long Blades
  3099 | D:3      | Reached XP level 7. HP: 5/56 MP: 12/12
  3100 | D:3      | HP: 2/56 [jackal (3)]
  3628 | D:4      | Killed Menkaure
  3989 | D:5      | Entered Level 5 of the Dungeon
  4216 | D:5      | Found a sand-covered staircase.
  4224 | Ossuary  | Entered an ossuary
  4566 | Ossuary  | Reached XP level 8. HP: 48/63 MP: 14/14
  5179 | D:5      | Found Koerio's Magic Scroll Emporium.
  5516 | D:5      | Slain by a gnoll sergeant

Illustrated notes

Levels and vault maps discovered:
D:1:      amcnicky_arrival_wind_blow, layout_basic
D:2:      layout_rooms, basic_altar
D:3:      layout_loops_ring, lemuel_coloured_pillars_altar,
          lightli_temple_of_fire, hangedman_decor_points, uniq_grinder
D:4:      layout_rooms, mainiacjoe_overflow_small_starburst, grunt_ministairs_9,
          uniq_menkaure, uniq_robin
D:5:      layout_basic, enter_ossuary_4, serial_shops, nicolae_square_shop,
          uniq_prince_ribbit1, uniq_duvessa

Skill      XL: |  1  2  3  4  5  6  7 |
---------------+----------------------+-----
Short Blades   | 1 2 3 |  3.3
Axes           | 1 2 3 |  3.3
Maces & Flails | 1 2 3 |  3.3
Polearms       | 1 2 3 |  3.3
Staves         | 1 2 3 |  3.3
Ranged Weapons | 1 2 3 |  3.3
Throwing       | 1 2 3 |  3.3
Armour         | 1 2 3 |  3.3
Dodging        | 1 2 3 |  3.3
Stealth        | 1 2 3 |  3.3
Shields        | 1 2 3 |  3.3
Unarmed Combat | 1 2 3 |  3.3
Spellcasting   | 3 4 |  4.4
Conjurations   | 1 2 |  2.7
Hexes          | 1 2 |  2.7
Summonings     | 1 2 |  2.7
Translocations | 1 2 |  2.7
Transmutations | 1 2 |  2.7
Fire Magic     | 1 2 |  2.7
Ice Magic      | 1 2 |  2.7
Air Magic      | 1 2 |  2.7
Earth Magic    | 1 2 |  2.7
Poison Magic   | 1 2 |  2.7
Invocations    | 3 4 |  4.5
Fighting       | 5 |  5.7
Necromancy     | 4 |  4.7
Evocations     | 3 4 |  4.2
Long Blades    | 7 |  7.4

Action                   |  1- 3 |  4- 6 |  7- 9 || total
-------------------------+-------+-------+-------++-------
Melee: Falchion          |    80 |   129 |   181 ||   390
       Bite              |     7 |    15 |    28 ||    50
       Punch             |       |     4 |     4 ||     8
 Cast: Necrotise         |       |     9 |     3 ||    12
       Vampiric Draining |       |       |     4 ||     4
Evoke: Wand              |       |     3 |     4 ||     7
  Use: Potion            |       |     2 |     1 ||     3
       Scroll            |       |     1 |     6 ||     7
 Stab: Sleeping          |     3 |     2 |     3 ||     8
Armor: Robe              |     5 |    31 |    63 ||    99
Dodge: Dodged            |    39 |    92 |   163 ||   294

Table legend: (Time is in decaauts)
 A = Elapsed time spent in this place.
 B = Non-inter-level travel time spent in this place.
 C = Inter-level travel time spent in this place.
 D = Time resting spent in this place.
 E = Time spent auto-exploring this place.
 F = Levels seen in this place.
 G = Mean time per level.
                   A        B        C        D        E       F      G
               +--------+--------+--------+--------+--------+-----+--------+
         Total |   5500 |   5343 |    157 |   2034 |   1968 |   6 |  916.7 |
       Dungeon |   4987 |   4830 |    157 |   1740 |   1968 |   5 |  997.4 |
       Ossuary |    513 |    513 |      0 |    294 |      0 |   1 |  513.0 |
               +--------+--------+--------+--------+--------+-----+--------+

Top non-repeatable levels by time:
     D:3: 1694 daAuts
     D:4: 1205 daAuts
     D:5: 868 daAuts
     D:2: 778 daAuts
 Ossuary: 513 daAuts
     D:1: 439 daAuts
